 Seeded DCSS version 0.29.0-13-gc9e81de378 (webtiles) character file.

Game seed: 3875183420463564524 (custom seed)

536 bwicke the Cudgeller (level 7, -1/55 HPs)
             Began as a Palentonga Fighter on Sept 8, 2022.
             Slain by Pikel
             ... wielding a +1 whip of flaming
              (11 damage)
             ... on level 5 of the Dungeon.
             The game lasted 00:08:53 (3571 turns).

bwicke the Cudgeller (Palentonga Fighter)           Turns: 3571, Time: 00:08:54

Health: -1/55      AC: 15    Str: 35    XL:     7   Next: 4%
Magic:  7/7        EV:  8    Int:  8    God:
Gold:   256        SH:  6    Dex: 10    Spells: 6/6 levels left

rFire   . . .      SeeInvis +   A - +10 mace "Bolueq" {freeze, rElec Stlth+}
rCold   . . .      Faith    .   H - +2 buckler
rNeg    . . .      Spirit   .   w - +0 ring mail
rPois   .          Reflect  .   (no helmet)
rElec   +          Harm     .   E - +0 cloak
rCorr   .          Rampage  .   F - +0 pair of gloves
Will    .....                   (no barding)
Stlth   +.........              u - amulet of the acrobat
HPRegen 0.18/turn               h - +6 ring of strength
MPRegen 0.10/turn               C - +6 ring of strength

@: mighty, curled up
A: large, rugged brown scales 3, see invisible, deformed body, roll 1, armoured
tail, reflexive curl
a: Rolling Charge


You were on level 5 of the Dungeon.
You visited 1 branch of the dungeon, and saw 5 of its levels.

You collected 256 gold pieces.

Inventory:

Hand Weapons
 c - a +0 sling
 A - the +10 mace "Bolueq" (weapon) {freeze, rElec Stlth+}
   (You found it on level 4 of the Dungeon)

   It freezes those it strikes, dealing additional cold damage.
   It can also slow down cold-blooded creatures.
   rElec:     It insulates you from electricity.
   Stlth:     It makes you more stealthy.
 G - the +9 scimitar of Punishment {speed, rCorr}
   (You found it on level 4 of the Dungeon)

   Attacks with this weapon are significantly faster.
   rCorr:     It protects you from acid and corrosion.
Missiles
 k - 8 poisoned darts
 l - a throwing net
 s - 2 atropa-tipped darts
Armour
 e - a +0 kite shield
 w - a +0 ring mail (worn)
 E - a +0 cloak (worn)
 F - a +0 pair of gloves (worn)
 H - a +2 buckler (worn)
Magical Staves
 B - a staff of air
Jewellery
 a - an amulet of reflection
 h - a +6 ring of strength (left hand)
 m - a +6 ring of dexterity
 u - an amulet of the acrobat (around neck)
 y - a ring of protection from fire
 C - a +6 ring of strength (right hand)
Wands
 x - a wand of roots (4)
Scrolls
 g - 4 scrolls of identify {unknown}
 j - a scroll of noise {unknown}
 o - 2 scrolls of blinking
 p - a scroll of vulnerability {unknown}
 q - a scroll of magic mapping {unknown}
 r - a scroll of torment {unknown}
 t - a scroll of fear {unknown}
 z - a scroll of immolation {unknown}
 D - a scroll of teleportation {unknown}
Potions
 b - a potion of brilliance {unknown}
 d - a potion of might
 f - a potion of cancellation {unknown}
 i - 2 potions of berserk rage {unknown}
 n - a potion of invisibility {unknown}
 v - 2 potions of curing {unknown}


   Skills:
 - Level 3.0 Fighting
 - Level 3.3 Long Blades
 + Level 5.2 Maces & Flails
 - Level 2.4 Armour
 - Level 4.7 Shields


You had 6 spell levels left.
You didn't know any spells.
Your spell library contained the following spells:

 Spells                   Type           Power      Damage    Failure   Level
 Sting                    Tmut/Pois      0%         1d3       58%         1
 Poisonous Vapours        Pois/Air       0%         N/A       73%         2
 Call Canine Familiar     Summ           0%         N/A       91%         3
 Portal Projectile        Hex/Tloc       0%         N/A       91%         3
 Leda's Liquefaction      Hex/Erth       0%         N/A       100%        4
 Olgreb's Toxic Radiance  Pois           0%         N/A       100%        4


Dungeon Overview and Level Annotations

Branches:
Dungeon (5/15)
 Temple: D:4-7

Altars:
Nemelex Xobeh

Shops:
D:3 !   D:4 =

Annotations:
D:5 Pikel


Innate Abilities, Weirdness & Mutations

You are completely covered in rugged brown scales. (AC +3, +7% HP)
You have supernaturally acute eyesight. (SInv)
Armour fits poorly on your strangely shaped body.
You can roll at nearby foes to attack.
You have a long armoured tail.
You curl defensively after being hit. (AC +7*)


Message History

c - a +0 sling HP restored.
You see here a +0 whip.
Things that are here:
a +0 whip; a +0 leather armour; a gnoll corpse You pick up a Young Poisoner's Handbook and begin reading...
You add the spells Sting, Poisonous Vapours and Olgreb's Toxic Radiance to your library.
There is an open door here.
There is a large open door here.
There is a large open door here.
An ogre comes into view. It is wielding a +0 giant spiked club.
Roll where?
Press: ? - help, Q - select action, (/) - cycle Dir - move target, f - ogre
Aim: an ogre, wielding a +0 giant spiked club (wandering, hasn't noticed you)
You roll forward with a clatter of scales!
Pikel and 4 lemures come into view.
Pikel is wielding a +1 whip of flaming.
Found a scroll labelled ROHABR CUNILE.
The ogre shouts!
You thump the ogre! You freeze the ogre.
The ogre is heavily wounded.
Pikel shouts!
The lemure shouts!
The ogre hits you with a +0 giant spiked club!!
You completely miss the ogre.
The ogre is heavily wounded.
The ogre hits you with a +0 giant spiked club!!
Ouch! That really hurt!
* * * LOW HITPOINT WARNING * * *
The lemure shouts!
Unknown command.
Pikel attacks as you move away! Pikel hits you but does no damage.
There is a large open door here.
You feel very mighty all of a sudden. Pikel barely misses you.
You sock Pikel! You freeze Pikel.
Your tail-slap misses Pikel.
Pikel is heavily wounded.
Pikel drinks a potion.
Pikel is healed!
Pikel hits you with a +1 whip of flaming!
You die...

###+#######
#.........#
#.........#
#...5..5..#
#?.O5..5..#
#K#
####@####
#.......#
#.......#
#.......#
#.......#
#.......#
#.......#
#.......#
#.......#


You could see Pikel, an ogre and 2 lemures.

Vanquished Creatures
  Grinder (D:4)
  A black bear (D:4)
  A jelly (D:3)
  A gnoll bouda (D:5)
  An orc wizard (D:4)
  2 iguanas (D:4)
  4 gnolls
  A worm (D:2)
  A dart slug (D:1)
  4 orcs (D:4)
  11 endoplasms
  2 giant cockroaches
  5 goblins
  8 hobgoblins
  3 jackals (D:2)
  6 kobolds
  4 quokkas
  2 ball pythons (D:2)
  8 bats
  4 frilled lizards
  8 rats
78 creatures vanquished.

Notes
Turn   | Place    | Note
-------+----------+-------------------------------------------
     0 | D:1      | bwicke the Palentonga Fighter began the quest for the Orb.
     0 | D:1      | Reached XP level 1. HP: 19/19 MP: 1/1
   124 | D:1      | Reached XP level 2. HP: 22/25 MP: 2/2
   561 | D:1      | Reached XP level 3. HP: 31/31 MP: 3/3
   970 | D:2      | Found a faded altar of an unknown god.
  1898 | D:3      | Reached XP level 4. HP: 37/37 MP: 4/4
  2177 | D:3      | Found Eskeli's Distillery.
  2362 | D:4      | Found Ycwi's Jewellery Shoppe.
  2658 | D:4      | Reached XP level 5. HP: 33/43 MP: 5/5
  2663 | D:4      | Identified the +10 mace "Bolueq" {freeze, rElec Stlth+}
  2912 | D:4      | Identified the +9 scimitar of Punishment {speed, rCorr}
  2954 | D:4      | Reached skill level 1 in Maces & Flails
  3128 | D:4      | Found a sparkling altar of Nemelex Xobeh.
  3132 | D:4      | Noticed Grinder
  3138 | D:4      | Killed Grinder
  3139 | D:4      | Reached skill level 4 in Maces & Flails
  3139 | D:4      | Reached XP level 6. HP: 50/50 MP: 6/6
  3354 | D:5      | Entered Level 5 of the Dungeon
  3401 | D:5      | Reached skill level 5 in Maces & Flails
  3406 | D:5      | Gained mutation: You curl defensively after being hit. (AC
                  | +7*) [Palentonga growth]
  3406 | D:5      | Reached XP level 7. HP: 46/55 MP: 7/7
  3567 | D:5      | Noticed Pikel
  3571 | D:5      | Slain by Pikel

Illustrated notes

Levels and vault maps discovered:
D:1:      elethiomel_arrival_infinity_welcomes_careful_drivers, layout_basic
D:2:      layout_basic, shapermc_ecumenical_altar_starsandcircs,
          roderic_lattice_a, kennysheep_potato
D:3:      layout_loops_ring, serial_shops, nicolae_shop_behind_doors,
          corexii_leaking_fountain
D:4:      layout_rooms, amcnicky_altar_gilded, serial_shops,
          nicolae_stop_n_shop_2, uniq_grinder
D:5:      layout_basic, kennysheep_mini, grunt_temple_overflow_cloverleaf,
          uniq_pikel

Skill      XL: |  1  2  3  4  5  6 |
---------------+-------------------+-----
Long Blades    | 3 |  3.3
Shields        | 3 4 |  4.7
Maces & Flails | 4 5 |  5.2
Fighting       | |  3.0
Armour         | |  2.4

Action                   |  1- 3 |  4- 6 |  7- 9 || total
-------------------------+-------+-------+-------++-------
Melee: Long sword        |   113 |    33 |       ||   146
       Tailslap          |    20 |     7 |     1 ||    28
       Mace              |       |    16 |     9 ||    25
 Abil: Rolling Charge    |    35 |    15 |     2 ||    52
  Use: Scroll            |       |     2 |       ||     2
       Potion            |       |       |     1 ||     1
Armor: Scale mail        |    36 |       |       ||    36
       Ring mail         |     2 |    14 |     2 ||    18
Dodge: Dodged            |    38 |    22 |     4 ||    64
Block: Buckler           |    24 |    16 |     2 ||    42
